 Dungeon Crawl Stone Soup version 0.31-a0-986-g5e6e4ef867 (webtiles) character file.

Game seed: 11840442338756434221

53 Jeffwins the Ruffian (level 3, 0/17 HPs)
             Began as a Vine Stalker Shapeshifter on Nov 13, 2023.
             Slain by a kobold
             ... wielding a +0 hand axe
              (3 damage)
             ... on level 2 of the Dungeon.
             The game lasted 00:01:41 (949 turns).

Jeffwins the Ruffian (Vine Stalker Shapeshifter)     Turns: 949, Time: 00:01:41

Health: 0/17       AC:  2    Str: 16    XL:     3   Next: 87%
Magic:  0/4        EV: 12    Int: 12    God:
Gold:   135        SH:  0    Dex: 13    Spells: 2/2 levels left

rFire   . .          .
                       - Unarmed
rCold   . . .        (no shield)
rNeg    . . .        a - +0 animal skin
rPois   .            (helmet currently unavailable)
rElec   .            (cloak currently unavailable)
rCorr   .            (gloves currently unavailable)
SInv    .            (boots currently unavailable)
Will    .....        (no amulet)
Stlth   ++           (no ring)
HPRegen 1.02/turn    (no ring)
MPRegen 0.09/turn

%: guardian spirit
@: beast-form
A: beast (slay +2), fangs 2, regeneration 1, magic shield, antimagic bite, no
potion heal 2
a: Begin Untransformation


You were on level 2 of the Dungeon.
You were a hulking beast.
You visited 1 branch of the dungeon, and saw 2 of its levels.

You collected 135 gold pieces.


Innate Abilities, Weirdness & Mutations

You are a hulking beast.
Your limbs bulge with bestial killing power. (Slay +2)
You have extremely sharp teeth.
Your natural rate of healing is unusually fast.
When hurt, damage is shared between your health and your magic reserves.
Your bite disrupts and absorbs the magic of your enemies.
Potions cannot restore your health.


   Skills:
 - Level 0.8 Fighting
 + Level 2.0 Dodging
 + Level 1.4 Stealth
 * Level 3.6 Unarmed Combat
 * Level 3.5 Shapeshifting


You had 2 spell levels left.
You didn't know any spells.
Your spell library was empty.

Inventory:

Hand Weapons
 i - a +1 dagger of venom
Armour
 a - a +0 animal skin (worn)
Talismans
 c - a beast talisman
 d - a flux talisman
 h - a dragon-blood talisman
Scrolls
 g - a scroll of revelation {unknown}
Potions
 b - a potion of lignification {!q}
 e - a potion of degeneration {unknown}
 f - a potion of cancellation {unknown}

Dungeon Overview and Level Annotations

Branches:
Dungeon (2/15)

Altars:

Shops:
D:1

[*= .....
...>. ....
..? # #'#
#.#)#######.#
#.#..........
.#
#....h†.....#
#.#
###)##K......
#.#
#.##.######
#.# #......#
#.# #......#
#.# #......#
#.# #..#####
..## #..#
...########
#..#


You could see a kobold.


Message History

You are too injured to fight recklessly!
You are too injured to fight recklessly!
You are too injured to fight recklessly!
You are too injured to fight recklessly!
You are too injured to fight recklessly!
You are too injured to fight recklessly!
You are too injured to fight recklessly!
You are too injured to fight recklessly!
You are too injured to fight recklessly!
You are too injured to fight recklessly!
You are too injured to fight recklessly!
You are too injured to fight recklessly!
You are too injured to fight recklessly!
You are too injured to fight recklessly!
You are too injured to fight recklessly!
Unknown command.
You barely miss the worm.
The worm is almost dead.
The kobold closely misses you. The worm bites you.
* * * LOW HITPOINT WARNING * * *
Unknown command.
You punch the worm!
You kill the worm!
The kobold hits you with a +0 hand axe.
* * * LOW HITPOINT WARNING * * *
Unknown command.
You hit the kobold.
The kobold is severely wounded.
The kobold hits you with a +0 hand axe.
You die...

Skill      XL: |  1  2  3 |
---------------+----------+-----
Stealth        | 1 |  1.4
Dodging        | 2 |  2.0
Fighting       | |  0.8
Unarmed Combat | |  3.6
Shapeshifting  | |  3.5

Action                     || total
---------------------------++-------
  Melee: Unarmed           ||    69
         Bite              ||    11
         Punch             ||     1
   Stab: Sleeping          ||     1
 Armour: Animal skin       ||    41
  Dodge: Dodged            ||    45

Levels and vault maps discovered:
D:1:      enne_arrival_octagon_isle, layout_basic, serial_shops,
          nicolae_shop_hallway_plus, shop, nicolae_shop_window_shopping
D:2:      layout_basic, grunt_ministairs_13

Notes
Turn   | Place    | Note
-------+----------+-------------------------------------------
     0 | D:1      | Jeffwins the Vine Stalker Shapeshifter began the quest for
                  | the Orb.
     0 | D:1      | Reached XP level 1. HP: 9/9 MP: 2/2
    28 | D:1      | Found Jeraaps's Jewellery Emporium.
   145 | D:1      | Reached XP level 2. HP: 14/14 MP: 3/3
   153 | D:1      | HP: 1/14 [kobold/+0 short sword (3)]
   216 | D:1      | Found Jeilucwimih's Armour Boutique.
   260 | D:1      | Found Archum's General Store.
   612 | D:2      | Reached skill level 1 in Stealth
   612 | D:2      | Reached XP level 3. HP: 13/17 MP: 4/4
   822 | D:2      | Reached skill level 2 in Dodging
   949 | D:2      | Slain by a kobold

Vanquished Creatures
  2 adders (D:2)
  A worm (D:2)
  3 ball pythons
  3 bats
  An endoplasm (D:2)
  A giant cockroach (D:2)
  7 goblins
  5 hobgoblins
  2 kobolds
  4 rats
29 creatures vanquished.

Table legend: (Time is in decaauts)
 A = Elapsed time spent in this place.
 B = Non-inter-level travel time spent in this place.
 C = Inter-level travel time spent in this place.
 D = Time resting spent in this place.
 E = Time spent auto-exploring this place.
 F = Levels seen in this place.
 G = Mean time per level.
                   A        B        C        D        E       F      G
               +--------+--------+--------+--------+--------+-----+--------+
         Total |    945 |    936 |      9 |      0 |    786 |   2 |  472.5 |
       Dungeon |    945 |    936 |      9 |      0 |    786 |   2 |  472.5 |
               +--------+--------+--------+--------+--------+-----+--------+

Top non-repeatable levels by time:
     D:1: 543 daAuts
     D:2: 402 daAuts

Table legend:
 A = Non-vault XP
 B = Vault XP
 C = Vault XP percentage of total XP
 D = Non-vault monster count
 E = Vault monster count
 F = Vault count percentage of total count
                 A         B        C        D         E       F
            +---------+---------+-------+---------+---------+-------
      Total |      74 |       2 |   2.6 |      28 |       1 |   3.4
            +---------+---------+-------+---------+---------+-------
        D:1 |      19 |       0 |   0.0 |      11 |       0 |   0.0
        D:2 |      55 |       2 |   3.5 |      17 |       1 |   5.6
            +---------+---------+-------+---------+---------+-------
